 Dungeon Crawl Stone Soup version 0.31-a0-853-gc9b61b78f7 (webtiles) character file.

Game seed: 2321759755184050696

4678 BinkBink the Blocker (level 10, -3/65 HPs)
             Began as a Gargoyle Fighter on Oct 8, 2023.
             Slain by Erica
             ... wielding a +4 scimitar of flaming
              (11 damage)
             ... on level 8 of the Dungeon.
             The game lasted 00:13:09 (8552 turns).

BinkBink the Blocker (Gargoyle Fighter)             Turns: 8552, Time: 00:13:12

Health: -3/65      AC: 19    Str: 23    XL:     10   Next: 44%
Magic:  10/10      EV: 14    Int: 10    God:
Gold:   256        SH:  0    Dex:  9    Spells: 9/9 levels left

rFire   . . .        h - +3 whip
rCold   . . .        z - +0 kite shield
rNeg    + . .        b - +0 scale mail
rPois   ∞            (no helmet)
rElec   +            j - +0 cloak
rCorr   .            w - +0 pair of gloves
SInv    .            i - +0 pair of boots
Will    .....        g - amulet of faith Stlth
                     c - +5 ring of evasion
HPRegen 0.30/turn    (no ring)
MPRegen 0.12/turn

%: faith
@: confused, brilliant, slowed, studying Shields, very slow
A: sickness immunity, AC +7, negative energy resistance 1, electricity
resistance, torment resistance 1, petrification resistance
a: no special abilities


You were on level 8 of the Dungeon.
You visited 2 branches of the dungeon, and saw 9 of its levels.

You collected 256 gold pieces.

Inventory:

Hand Weapons
 a - a +0 flail
 h - a +3 whip (weapon)
Armour
 b - a +0 scale mail (worn)
 i - a +0 pair of boots (worn)
 j - a +0 cloak (worn)
 w - a +0 pair of gloves (worn)
 z - a +0 kite shield (worn)
Jewellery
 c - a +5 ring of evasion (left hand)
 g - an amulet of faith (around neck)
 v - an amulet of magic regeneration
Wands
 d - a wand of polymorph (8)
Scrolls
 e - 3 scrolls of enchant weapon {unknown}
 f - a scroll of poison {unknown}
 k - 3 scrolls of vulnerability
 m - 3 scrolls of fog
 n - 2 scrolls of teleportation
 t - a scroll of brand weapon {unknown}
 u - 2 scrolls of enchant armour {unknown}
 x - a scroll of revelation {unknown}
 y - 2 scrolls of identify
Potions
 l - a potion of curing {unknown}
 o - a potion of attraction {unknown}
 q - a potion of enlightenment {unknown}
 r - a potion of haste {unknown}
 s - a potion of magic
 A - a potion of mutation {unknown}


   Skills:
 + Level 8.7 Fighting
 * Level 8.0 Maces & Flails
 + Level 8.7 Armour
 + Level 1.7 Dodging
 + Level 10.1 Shields


You had 9 spell levels left.
You didn't know any spells.
Your spell library contained the following spells:

 Spells                   Type           Power      Damage    Failure   Level
 Sting                    Tmut/Pois      0%         1d3       83%         1
 Poisonous Vapours        Pois/Air       0%         N/A       92%         2
 Hailstorm                Conj/Ice       0%         3d3       99%         3
 Olgreb's Toxic Radiance  Pois           0%         N/A       100%        4
 Summon Ice Beast         Ice/Summ       0%         N/A       100%        4
 Simulacrum               Ice/Necr       0%         N/A       100%        6


Dungeon Overview and Level Annotations

Branches:
Dungeon (8/15)             Temple (1/1) D:7
   Lair: D:8-11

Altars:
Ashenzari
Cheibriados
Dithmenos
Elyvilon
Fedhas
Gozag
Kikubaaqudgha
Nemelex Xobeh
Okawaru
Ru
Trog
Uskayaw
Vehumet
Wu Jian
Xom
Yredelemnul

Shops:
D:7 [

Annotations:
D:8 Erica


Innate Abilities, Weirdness & Mutations

You are immune to sickness and miasma.
Your stone body is resilient. (AC +7)
You are immune to poison.
You resist negative energy. (rN+)
You are resistant to electric shocks. (rElec)
You are resistant to unholy torment.
You are immune to petrification.


Message History

Erica hits you with a +4 scimitar of flaming!
Erica burns you.
You closely miss Erica.
Erica is heavily wounded.
You hit Erica but do no damage.
Erica is heavily wounded.
Erica screams, "Do you want it fast or slow?!"
Erica casts a spell at you.
You are confused.
You completely miss Erica.
Erica is heavily wounded.
Erica hits you with a +4 scimitar of flaming.
* * * LOW HITPOINT WARNING * * *
Erica burns you.
* * * LOW HITPOINT WARNING * * *
You hit Erica but do no damage.
Erica is heavily wounded.
Erica points at you and mumbles some strange words.
You feel yourself slow down.
You barely miss Erica.
Erica is heavily wounded.
Erica hits you with a +4 scimitar of flaming.
* * * LOW HITPOINT WARNING * * *
Erica burns you.
* * * LOW HITPOINT WARNING * * *
You closely miss Erica.
Erica is moderately wounded.
Erica casts a spell.
Erica flickers and vanishes!
Deactivating autopickup; reactivate with Ctrl-A.
Okay, then.
You are too confused!
It was a potion of brilliance.
You feel clever all of a sudden. Something hits you.
* * * LOW HITPOINT WARNING * * *
Something burns you.
* * * LOW HITPOINT WARNING * * *
Something hits you!
You die...

####################
#.....#.............
#.....#.............
#.....#.............
+.....#.............
#.....#.............
#.....'.............
#.....#.............
###@..##...####.[.##
######{####...#####'###
#........#....#........
#........#....#........
#........#....#........
#........#....#........
#........#....#........
#........#....#........
#........#....#........


There were no monsters in sight!

Vanquished Creatures
  A two-headed ogre (D:5)
  Pikel (D:7)
  A shadow (D:6)
  4 yaks (D:7)
  Eustachio (D:4)
  A steam dragon (D:6)
  Menkaure (D:7)
  A water moccasin (D:6)
  An orc warrior (D:6)
  2 ice beasts
  2 black bears
  An ogre (D:4)
  4 centaurs
  4 phantoms
  A kobold brigand (D:7)
  A bullfrog (D:8)
  3 scorpions
  A wight (D:4)
  2 howler monkeys
  6 hounds
  3 orc priests
  2 jellies
  3 iguanas
  9 orc wizards
  4 adders
  A white imp (D:6)
  3 ufetubi
  2 dart slugs (D:3)
  31 orcs
  10 endoplasms
  2 giant cockroaches
  4 goblins
  6 hobgoblins
  4 jackals (D:5)
  9 kobolds
  4 quokkas
  6 ball pythons
  4 bats
  2 frilled lizards
  6 rats
154 creatures vanquished.

Notes
Turn   | Place    | Note
-------+----------+-------------------------------------------
     0 | D:1      | BinkBink the Gargoyle Fighter began the quest for the Orb.
     0 | D:1      | Reached XP level 1. HP: 14/14 MP: 1/1
   169 | D:1      | Reached XP level 2. HP: 8/19 MP: 2/2
   537 | D:1      | Reached XP level 3. HP: 23/23 MP: 3/3
  1741 | D:3      | Noticed a great orb of eyes
  1743 | D:3      | Found a faded altar of an unknown god.
  1745 | D:3      | Noticed a great orb of eyes
  1745 | D:3      | Noticed a great orb of eyes
  1745 | D:3      | Noticed a floating eye
  1885 | D:3      | Reached XP level 4. HP: 29/29 MP: 4/4
  2092 | D:3      | Reached skill level 4 in Shields
  2223 | D:4      | Noticed a black bear
  2248 | D:4      | Killed a black bear
  2249 | D:4      | Reached XP level 5. HP: 19/34 MP: 5/5
  2321 | D:4      | Found a snail-covered altar of Cheibriados.
  2486 | D:4      | Noticed a phantom
  2506 | D:4      | Killed a phantom
  2507 | D:4      | Reached XP level 6. HP: 33/39 MP: 6/6
  3127 | D:5      | Entered Level 5 of the Dungeon
  3313 | D:5      | Reached skill level 5 in Shields
  3422 | D:5      | Reached skill level 5 in Fighting
  3422 | D:5      | Reached skill level 5 in Armour
  3422 | D:5      | Reached XP level 7. HP: 38/44 MP: 7/7
  3521 | D:5      | Noticed a two-headed ogre
  3547 | D:5      | Killed a two-headed ogre
  3548 | D:5      | Reached skill level 5 in Maces & Flails
  3548 | D:5      | Reached skill level 6 in Shields
  3548 | D:5      | Reached XP level 8. HP: 16/51 MP: 8/8
  3800 | D:5      | Noticed Eustachio
  4259 | D:4      | Killed Eustachio
  4260 | D:4      | Reached skill level 7 in Shields
  4260 | D:4      | Reached XP level 9. HP: 26/56 MP: 9/9
  5813 | D:6      | Reached skill level 8 in Shields
  6436 | D:6      | Found a broken altar of Ashenzari.
  7000 | D:6      | Reached skill level 9 in Shields
  7066 | D:7      | Found a staircase to the Ecumenical Temple.
  7074 | Temple   | Entered the Ecumenical Temple
  7212 | D:7      | Found Haruvy's Antique Armour Emporium.
  7381 | D:7      | Found a bloodstained altar of Trog.
  7408 | D:7      | Reached XP level 10. HP: 60/64 MP: 10/10
  7438 | D:7      | Noticed Menkaure
  7454 | D:7      | Killed Menkaure
  7667 | D:7      | Reached skill level 1 in Dodging
  8269 | D:7      | Noticed Pikel
  8330 | D:7      | Killed Pikel
  8331 | D:7      | Reached skill level 10 in Shields
  8531 | D:8      | Noticed Erica
  8552 | D:8      | Slain by Erica

Illustrated notes

Levels and vault maps discovered:
D:1:      dpeg_arrival_snail, layout_loops_ring
D:2:      layout_loops_cross
D:3:      layout_basic, hellmonk_ecumenical_altar_watching_god
D:4:      layout_basic, old_standard_altar
D:5:      layout_layer_cave, minmay_manual_mess, uniq_eustachio
D:6:      minmay_thick_lines, layout_cave_pods, cheibrodos_ashenzari_chains,
          minivault_24
D:7:      layout_gridville, bloody_trog, minmay_temple_entry_proselytizer,
          grunt_ministairs_2, minmay_shop_grid_forest, uniq_pikel, uniq_menkaure
D:8:      layout_gridville, nicolae_overflow_hallway_of_the_gods, uniq_grum,
          uniq_erica, uniq_joseph
Temple:   cyrus_circular_temple

Skill      XL: |  1  2  3  4  5  6  7  8  9 10 |
---------------+-------------------------------+-----
Fighting       | 4 5 6 8 |  8.7
Armour         | 4 5 6 8 |  8.7
Shields        | 4 5 6 7 9 10 | 10.1
Maces & Flails | 3 4 5 7 8 |  8.0
Dodging        | 1 |  1.7

Action                     |  1- 3 |  4- 6 |  7- 9 | 10-12 || total
---------------------------+-------+-------+-------+-------++-------
  Melee: Flail             |    33 |       |       |       ||    33
         Whip              |    67 |   169 |   479 |   153 ||   868
    Use: Scroll            |       |     1 |     3 |     1 ||     5
         Potion            |       |       |     3 |     3 ||     6
 Armour: Scale mail        |    61 |   104 |   373 |    49 ||   587
         Skin              |       |       |     5 |     8 ||    13
  Dodge: Dodged            |    44 |    62 |   176 |    31 ||   313
  Block: Buckler           |    12 |    24 |    98 |       ||   134
         Kite shield       |       |       |     1 |    45 ||    46

Table legend: (Time is in decaauts)
 A = Elapsed time spent in this place.
 B = Non-inter-level travel time spent in this place.
 C = Inter-level travel time spent in this place.
 D = Time resting spent in this place.
 E = Time spent auto-exploring this place.
 F = Levels seen in this place.
 G = Mean time per level.
                   A        B        C        D        E       F      G
               +--------+--------+--------+--------+--------+-----+--------+
         Total |   8444 |   8099 |    345 |    841 |   5769 |   9 |  938.2 |
       Dungeon |   8423 |   8098 |    325 |    841 |   5769 |   8 | 1052.9 |
        Temple |     21 |      1 |     20 |      0 |      0 |   1 |   21.0 |
               +--------+--------+--------+--------+--------+-----+--------+

Top non-repeatable levels by time:
     D:6: 1643 daAuts
     D:5: 1622 daAuts
     D:4: 1480 daAuts
     D:7: 1436 daAuts
     D:1: 870 daAuts
     D:3: 670 daAuts
     D:2: 639 daAuts
     D:8: 60 daAuts
  Temple: 21 daAuts
